Map: Dusk Towers

Players

Pokebunny

  • Race: Terran Terran
  • League: Grandmaster

Haste - Winner!

  • Race: Terran Terran
  • League: Master

VOD

Have the link to the VOD?

Description

Time

  • Played on: April 5, 2016, 11:27 p.m.
  • Length: 3:14
Show
View Real Time Build Order
Export as new Build Order

Pokebunny Terran 

Build Orders: Reaper Expand 

Get SALT Encoding   

  12  0:01  SCV  
  13  0:13  SCV  
  14  0:19  Supply Depot  
  14  0:25  SCV  
  15  0:40  Barracks, SCV  
  16  0:46  Refinery  
  16  0:52  SCV  
  17  1:04  SCV  
  18  1:16  SCV  
  19  1:29  Orbital Command  
  19  1:30  Reaper  
  20  1:40  Command Center  
  20  1:49  Supply Depot  
  20  1:55  SCV  
  21  2:02  Marine  
  21  2:07  SCV  
  23  2:10  Factory  
  23  2:19  Refinery  
  23  2:20  Marine, SCV  
  24  2:42  Marine  
Show
View Real Time Build Order
Export as new Build Order

Haste Terran - Winner!

Build Orders:  

Get SALT Encoding   

  12  0:00  SCV  
  13  0:12  SCV  
  14  0:17  Supply Depot  
  14  0:24  SCV  
  15  0:40  Barracks  
  15  0:43  Refinery  
  15  0:56  Barracks  
  15  0:57  SCV  
  16  1:09  SCV  
  18  1:27  Reaper  
  18  1:28  Orbital Command  
  18  1:32  Refinery  
  18  1:42  Supply Depot  
  18  1:44  Reaper  
  19  1:54  SCV  
  19  2:00  Reaper  
  21  2:08  SCV  
  22  2:16  Reaper  
  22  2:22  SCV  
  24  2:42  SCV  
  27  2:56  SCV  
  28  2:59  Command Center  
Tags
 
Add a new tag
Caveats
  • Supply blocks, unpowered buildings, or Contaminate may cause inaccurate times.
  • Supply counts are checked every 10 seconds.